 Dungeon Crawl Stone Soup version 0.30.1-11-g7821555f0a (webtiles) character file.

Game seed: 6826641264567901891

1022 Chiseanne the Trooper (level 8, 51/61 HPs)
             Began as a Demonspawn Wanderer on Nov 25, 2023.
             Quit the game on level 6 of the Dungeon.
             The game lasted 00:12:12 (4812 turns).

Chiseanne the Trooper (Demonspawn Wanderer)         Turns: 4812, Time: 00:12:13

Health: 51/61      AC: 18    Str: 18    XL:     8   Next: 2%
Magic:  11/11      EV: 14    Int:  9    God:
Gold:   246        SH:  0    Dex: 23    Spells: 10/11 levels left

rFire   . . .        x - +7 halberd (protect)
rCold   + . .        (shield currently unavailable)
rNeg    . . .        f - +0 ring mail
rPois   +            p - +1 hat
rElec   .            q - +0 cloak
rCorr   .            (no gloves)
SInv    .            l - +2 pair of boots
Will    .....        (no amulet)
Stlth   +++          b - ring "Etrinlal" {rC+ Str+3 Int-2 Dex+6}
HPRegen 0.30/turn    w - ring of poison resistance
MPRegen 0.24/turn

%: no passive effects
@: under a protective aura
A: claws 1, thin skeletal structure 1, magic regeneration
a: no special abilities


You were on level 6 of the Dungeon.
You visited 1 branch of the dungeon, and saw 6 of its levels.

You collected 246 gold pieces.

Inventory:

Hand Weapons
 a - a +1 broad axe of flaming
 d - a +3 quarterstaff of chaos
 e - a +2 hand axe
 v - a +1 flail of protection
 x - a +7 halberd of protection (weapon)
Missiles
 c - 49 stones (quivered)
 h - 6 silver javelins
 j - 6 boomerangs
 m - a throwing net
Armour
 f - a +0 ring mail (worn)
 l - a +2 pair of boots (worn)
 p - a +1 hat (worn)
 q - a +0 cloak (worn)
Jewellery
 b - the ring "Etrinlal" (left claw) {rC+ Str+3 Int-2 Dex+6}
   (You acquired it on level 6 of the Dungeon)

   [ring of dexterity]

   Str:       It affects your strength (+3).
   Int:       It affects your intelligence (-2).
   Dex:       It affects your dexterity (+6).
   rC:        It protects you from cold.
 w - a ring of poison resistance (right claw)
Scrolls
 n - a scroll of silence
 t - 2 scrolls of fog
Potions
 i - 2 potions of heal wounds
 k - a potion of lignification
 o - a potion of mutation
 s - a potion of flight
 u - a potion of cancellation {unknown}


   Skills:
 - Level 4.7 Fighting
 * Level 3.4 Axes
 * Level 4.7 Armour
 * Level 4.7 Dodging
 - Level 1.0 Stealth
 - Level 2.0 Spellcasting
 - Level 2.6 Ice Magic


You had 10 spell levels left.
You knew the following spells:

 Your Spells              Type           Power      Damage    Failure   Level
a - Freeze                Ice            20%        1d4       19%         1

Your spell library contained the following spells:

 Spells                   Type           Power      Damage    Failure   Level
 Ensorcelled Hibernation  Hex/Ice        6%         N/A       43%         2
 Sting                    Tmut/Pois      0%         1d3       50%         1
 Poisonous Vapours        Pois/Air       0%         N/A       63%         2
 Hailstorm                Conj/Ice       3%         3d3       67%         3
 Olgreb's Toxic Radiance  Pois           0%         N/A       99%         4


Dungeon Overview and Level Annotations

Branches:
Dungeon (6/15)
 Temple: D:4-7

Altars:
Hepliaklqana
Kikubaaqudgha
Makhleb
Xom

Annotations:
D:5 3 runed translucent doors, Edmund; ioannis32's ghost, novice DsBe


Innate Abilities, Weirdness & Mutations

You have sharp fingernails.
You have a somewhat thin skeletal structure. (Dex +2, Stealth+)
You regenerate magic rapidly.


Message History

The adder is heavily wounded.
The adder closely misses you.
You puncture the adder!
Your weapon exudes an aura of protection.
You kill the adder!
You see here an adder corpse.
There is an open door here.
The ogre shouts!
Throw: 3 darts (poison)
Press: ? - help, Q - select action, (/) - cycle Shift-Dir - straight line, f - ogre
Aim: an ogre, wielding a +0 giant spiked club (78% to hit)
You throw a poisoned dart. The poisoned dart hits the ogre.
Throw: 2 darts (poison)
Press: ? - help, Q - select action, (/) - cycle Shift-Dir - straight line, f/p - ogre
Aim: an ogre, wielding a +0 giant spiked club (78% to hit)
You throw a poisoned dart.
The poisoned dart barely misses the ogre.
Throw: dart (poison)
Press: ? - help, Q - select action, (/) - cycle Shift-Dir - straight line, f/p - ogre
Aim: an ogre, wielding a +0 giant spiked club (78% to hit)
You throw a poisoned dart. The poisoned dart hits the ogre.
The ogre is poisoned.
Throw: 50 stones
Press: ? - help, Q - select action, (/) - cycle Shift-Dir - straight line, f/p - ogre
Aim: an ogre, wielding a +0 giant spiked club (poisoned, 78% to hit)
You throw a stone. The stone hits the ogre.
The ogre is lightly wounded.
You slash the ogre!
Your weapon exudes an aura of protection.
The ogre is heavily wounded.
The ogre closely misses you.
You puncture the ogre!
The ogre is severely wounded.
The ogre hits you with a +0 giant spiked club!
You slash the ogre!
You kill the ogre!
You have reached level 8!
You feel agile.
Your demonic ancestry asserts itself...
Your fingernails lengthen.
Are you sure you want to abandon this character and quit the game? (Confirm with "yes".)

#..........> #......
#.=##.###.# #......
#.........###
#......
#.###........
#(.....
#.....##..###
#.(....
###............
#...(..
#..........####
#......##†...##.##.#
#...)@'....##.# ...
#######....##.. ...
#....####. .. #....#
.. #....# .. #....#
#....# #$...#


There were no monsters in sight!

Vanquished Creatures
  A sky beast (D:6)
  An ogre (D:6)
  Blork the orc (D:5)
  A phantom (D:6)
  4 scorpions
  2 orc priests
  Crazy Yiuf (D:5)
  2 hounds
  4 orc wizards
  3 gnolls (D:3)
  7 adders
  2 worms
  2 dart slugs
  19 orcs
  8 ball pythons
  8 bats
  11 endoplasms
  12 goblins
  2 hobgoblins
  3 jackals (D:1)
  2 quokkas
  3 frilled lizards (D:1)
  5 kobolds
  4 rats
108 creatures vanquished.

Vanquished Creatures (others)
  An orc wizard (D:5)
  An endoplasm (D:4)
2 creatures vanquished.

Grand Total: 110 creatures vanquished

Notes
Turn   | Place    | Note
-------+----------+-------------------------------------------
     0 | D:1      | Chiseanne the Demonspawn Wanderer began the quest for the
                  | Orb.
     0 | D:1      | Chiseanne set off with the following items: a +1 hand axe,
                  | a potion of attraction, a +0 leather armour; and the
                  | following spell memorised: Freeze; and the following spells
                  | available to memorise: Ensorcelled Hibernation, Hailstorm.
     0 | D:1      | Reached XP level 1. HP: 18/18 MP: 3/3
   261 | D:1      | Gained mutation: You regenerate magic rapidly. [demonic
                  | ancestry]
   261 | D:1      | Reached XP level 2. HP: 24/24 MP: 5/5
   353 | D:1      | Reached skill level 1 in Armour
   355 | D:1      | Reached skill level 1 in Dodging
   637 | D:1      | Reached XP level 3. HP: 29/29 MP: 6/6
  1270 | D:3      | Chiseanne: what is that thing? a bloodhound? FUCK YOU
  1874 | D:3      | Found a faded altar of an unknown god.
  1887 | D:3      | Reached XP level 4. HP: 22/37 MP: 7/7
  2068 | D:3      | Noticed a scorpion
  2076 | D:3      | Killed a scorpion
  2077 | D:3      | Gained mutation: You have a somewhat thin skeletal
                  | structure. (Dex +2, Stealth+) [demonic ancestry]
  2077 | D:3      | Reached XP level 5. HP: 42/42 MP: 8/8
  2450 | D:4      | Found a hazy altar of Hepliaklqana.
  2450 | D:4      | Found an ancient bone altar of Kikubaaqudgha.
  2450 | D:4      | Found a burning altar of Makhleb.
  3115 | D:4      | Reached XP level 6. HP: 13/49 MP: 9/9
  3816 | D:5      | Entered Level 5 of the Dungeon
  3818 | D:5      | Noticed Edmund
  3871 | D:5      | Noticed Blork the orc
  3985 | D:4      | Chiseanne: of course..because ou are idiots
  4156 | D:5      | Reached XP level 7. HP: 43/55 MP: 10/10
  4368 | D:5      | Found a shimmering altar of Xom.
  4368 | D:5      | Noticed an angel
  4409 | D:5      | Found a runed translucent door.
  4410 | D:5      | Noticed Crazy Yiuf
  4422 | D:5      | Killed Crazy Yiuf
  4484 | D:5      | Found a runed translucent gate.
  4484 | D:5      | Found a runed translucent gate.
  4487 | D:5      | Noticed ioannis32's ghost (novice DsBe)
  4494 | D:5      | Found a runed translucent gate.
  4523 | D:5      | Killed Blork the orc
  4779 | D:6      | Identified a scroll of acquirement
  4779 | D:6      | Acquired the ring "Etrinlal" {rC+ Str+3 Int-2 Dex+6}
  4812 | D:6      | Gained mutation: You have sharp fingernails. [demonic
                  | ancestry]
  4812 | D:6      | Reached XP level 8. HP: 51/61 MP: 11/11
  4812 | D:6      | Quit the game

Illustrated notes

Levels and vault maps discovered:
D:1:      matt_arrival_los_fun, layout_basic
D:2:      layout_loops_ring
D:3:      minmay_general_purpose_star, layout_rooms,
          ebering_ecumenical_altar_hall, cheibrodos_sewer_entry_sluice
D:4:      layout_gridville, chequers_temple_overflow_statue_of_worship,
          kennysheep_decorative_pillar
D:5:      layout_basic, grunt_temple_overflow_order_and_chaos_1,
          gammafunk_ghost_nasty_kobolds, minivault_4, uniq_edmund,
          uniq_blork_the_orc, uniq_crazy_yiuf_cottage
D:6:      layout_basic, marbit_many_paths, nicolae_ossuary_entry_plus

Skill      XL: |  1  2  3  4  5  6  7 |
---------------+----------------------+-----
Armour         | 1 2 3 4 |  4.7
Dodging        | 1 2 3 4 |  4.7
Fighting       | 4 |  4.7
Axes           | 3 |  3.4
Stealth        | |  1.0
Spellcasting   | |  2.0
Ice Magic      | |  2.6

Action                     |  1- 3 |  4- 6 |  7- 9 || total
---------------------------+-------+-------+-------++-------
  Melee: Hand axe          |   125 |   146 |       ||   271
         Broad axe         |       |    25 |    81 ||   106
         Halberd           |       |       |    10 ||    10
  Throw: Javelin           |     5 |     2 |       ||     7
         Dart              |       |    12 |     9 ||    21
         Stone             |       |       |     1 ||     1
    Use: Scroll            |     8 |     8 |     2 ||    18
         Potion            |       |     1 |     1 ||     2
   Stab: Sleeping          |     2 |     5 |       ||     7
         Distracted        |       |     1 |       ||     1
 Armour: Ring mail         |    63 |    93 |    59 ||   215
         Leather armour    |     6 |       |       ||     6
  Dodge: Dodged            |    78 |    97 |    36 ||   211
